 Dungeon Crawl Stone Soup version 0.31-b1-20-g67cafac56d (webtiles) character file.

Game seed: 224673748601709386

63 Esekla the Sneak (level 4, 22/31 HPs)
             Began as an Octopode Delver on Jan 18, 2024.
             Quit the game on level 5 of the Dungeon.
             The game lasted 00:03:23 (137 turns).

Esekla the Sneak (Octopode Delver)                   Turns: 137, Time: 00:03:24

Health: 22/31      AC:  1    Str: 11    XL:     4   Next: 10%
Magic:  1/5        EV: 13    Int: 14    God:
Gold:   0          SH:  0    Dex: 13    Spells: 5/5 levels left

rFire   . . .        a - +0 falchion
rCold   . . .        (no shield)
rNeg    . . .        (helmet restricted)
rPois   .            (no amulet)
rElec   .            (no ring)
rCorr   .            (no ring)
SInv    .            (no ring)
Will    .....        (no ring)
Stlth   +++++        (no ring)
HPRegen 0.25/turn    (no ring)
MPRegen 0.09/turn    (no ring)
                     (no ring)

%: no passive effects
@: no status effects
A: almost no armour, amphibious, 8 rings, camouflage 1, gelatinous body 1,
(nimble swimmer 1), tentacles
a: no special abilities


You were on level 5 of the Dungeon.
You visited 2 branches of the dungeon, and saw 2 of its levels.

Inventory:

Hand Weapons
 a - a +0 falchion (weapon)
Wands
 f - a wand of digging (3)
Scrolls
 b - a scroll of fog
 c - a scroll of blinking {unknown}
 d - a scroll of fear
Potions
 e - a potion of haste


   Skills:
 * Level 3.4 Fighting
 * Level 2.3 Long Blades
 * Level 2.4 Dodging
 + Level 7.4 Stealth
 * Level 1.0 Spellcasting


You had 5 spell levels left.
You didn't know any spells.
Your spell library was empty.

Dungeon Overview and Level Annotations

Branches:
Dungeon (5/15)             Temple (1/1) D:5

Altars:
Ashenzari
Dithmenos
Elyvilon
Gozag
Kikubaaqudgha
Makhleb
Nemelex Xobeh
Okawaru
Uskayaw
Vehumet
Wu Jian
Yredelemnul
Zin


Innate Abilities, Weirdness & Mutations

You cannot wear most types of armour.
You are amphibious.
You can wear up to eight rings at the same time.
Your skin changes colour to match your surroundings (Stealth+).
Your rubbery body absorbs attacks. (AC +1, EV +1)
((You are camouflaged when in or above water. (Stealth+)))
You have tentacles for arms and can constrict up to eight enemies at once.


Message History

The bombardier beetle completely misses you.
You hit the bombardier beetle. Your grab misses the bombardier beetle.
The bombardier beetle is heavily wounded.
The hound barks!
You slash the bombardier beetle! You grab the bombardier beetle.
You squeeze the bombardier beetle.
You kill the bombardier beetle!
Your Stealth skill increases to level 7!
You have reached level 2!
You have reached level 3!
Your experience leads to an increase in your attributes!
Increase (S)trength, (I)ntelligence, or (D)exterity?
You feel clever. x2
You closely miss the hound. You grab the hound.
You squeeze the hound, but do no damage.
You constrict the hound. The hound bites you. x2
You hit the hound. Your squeeze misses the hound.
The hound is moderately wounded.
You constrict the hound. The hound closely misses you. The hound bites you.
You hit the hound.
The hound is heavily wounded.
You constrict the hound, but do no damage.
The hound bites you but does no damage.
You hit the hound.
The hound is severely wounded.
You constrict the hound. The hound misses you. The hound closely misses you.
You hit the hound but do no damage.
You squeeze the hound, but do no damage.
The hound is almost dead.
You constrict the hound. The hound barely misses you.
The hound bites you but does no damage.
You hit the hound but do no damage.
The hound is almost dead.
You constrict the hound.
You kill the hound!
Your Spellcasting skill increases to level 1!
You have reached level 4!
There is an open door, spattered with blood here.
You see here a hound corpse.
Are you sure you want to abandon this character and quit the game? (Confirm with "yes".)

..#,,,,,*,,+,,,,,*,,,*,,,,,,*
..#,,,,,*,,#.,,,,*,,,*,,,,,,*
..#,,...*,,#..,,,*,,,*,,,,,,*
..#,,...####..,,,**#+#,,,,,,***
..###+#......#+####..#******,,*
......#h.....#.......#,,,*,,,,*
......#.$....#.......+,,,*,,,,*
'######.........†....#,,,*,,,,*
..............##@##..#,,,*,,,****
.............##≈§§#*..#,,***+*,,,
.......###..##≈≈§≈§#*...,**,,*,,,
.......#...##≈≈..§§≈#*...*,,,*,,,
#+#....#...##≈.....≈#*,..*,,,+,,,
,,#....'..##8_.._.._8**,.*,,,*,,,
,,+....#..######8#####*,,*,,,**+*
,,#....#..# *,*###*,* *,,**,,**,,
,,#....#+.#**,,* *,,***,,**,,**,,


There were no monsters in sight!

Vanquished Creatures
  A bombardier beetle (D:5)
  A hound (D:5)
2 creatures vanquished.

Notes
Turn   | Place    | Note
-------+----------+-------------------------------------------
     0 | D:5      | Esekla the Octopode Delver began the quest for the Orb.
     0 | D:5      | Reached XP level 1. HP: 16/16 MP: 1/1
    78 | D:5      | Found a staircase to the Ecumenical Temple.
    84 | Temple   | Entered the Ecumenical Temple
   106 | D:5      | Noticed a hound
   110 | D:5      | Noticed a hound
   117 | D:5      | Noticed a bombardier beetle
   123 | D:5      | Found a glowing silver altar of Zin.
   123 | D:5      | Noticed a hound
   124 | D:5      | Found a basalt altar of Yredelemnul.
   124 | D:5      | Found an iron altar of Okawaru.
   128 | D:5      | Killed a bombardier beetle
   129 | D:5      | Reached skill level 7 in Stealth
   129 | D:5      | Reached XP level 2. HP: 19/21 MP: 1/3
   129 | D:5      | Reached XP level 3. HP: 23/26 MP: 1/4
   136 | D:5      | Reached skill level 1 in Spellcasting
   136 | D:5      | Reached XP level 4. HP: 22/31 MP: 1/5
   137 | D:5      | Quit the game

Illustrated notes

Levels and vault maps discovered:
D:5:      layout_gridville, gammafunk_temple_overflow_claw,
          minmay_temple_entry_fiery
Temple:   jpeg_temple_alley_garden

Skill      XL: |  1  2  3 |
---------------+----------+-----
Stealth        | 7 |  7.4
Spellcasting   | 1 |  1.0
Fighting       | |  3.4
Long Blades    | |  2.3
Dodging        | |  2.4

Action                     |  1- 3 |  4- 6 || total
---------------------------+-------+-------++-------
  Melee: Falchion          |    10 |       ||    10
         Tentacles         |     5 |       ||     5
         Constrict         |     2 |       ||     2
    Use: Scroll            |     1 |       ||     1
 Armour: Skin              |     6 |       ||     6
  Dodge: Dodged            |     5 |       ||     5
